 Dungeon Crawl Stone Soup version 0.26-a0-651-gb41185065b (webtiles) character file.

Game seed: 12163147656953740968

12891 tof the Cleaver (level 11, 0/93 HPs)
             Began as a Minotaur Monk on Oct 7, 2020.
             Was a High Priest of Hepliaklqana.
             Slain by a 14-headed hydra (1 damage)
             ... on level 1 of the Lair of Beasts.
             The game lasted 00:37:23 (18735 turns).

tof the Cleaver (Minotaur Monk)                    Turns: 18735, Time: 00:37:23

Health: 0/93       AC: 16    Str: 19    XL:     11   Next: 68%
Magic:  23/23      EV:  8    Int:  7    God:    Hepliaklqana [*****.]
Gold:   637        SH:  5    Dex: 13    Spells: 10/10 levels left

rFire    + . .     SeeInvis .   u - +2 hand axe "Cyk Nege" {vorpal, rPois rF+}
rCold    + . .     Faith    .   (no shield)
rNeg     . . .     Spirit   .   G - +0 plate armour {rC+}
rPois    +         Reflect  +   (helmet restricted)
rElec    .         Harm     .   (no cloak)
rCorr    .         Rampage  .   m - +0 pair of gloves
MR       .....                  (no boots)
Stlth    ..........             J - amulet of reflection
HPRegen  0.25/turn              y - ring of magical power
MPRegen  0.18/turn              F - ring of wizardry

@: no status effects
A: retaliatory headbutt, reduced essence, horns 2
a: Recall Ancestor, Ancestor Identity, Transference, Idealise, Renounce Religion


You were on level 1 of the Lair of Beasts.
You worshipped Hepliaklqana.
Hepliaklqana was extremely pleased with you.
You visited 2 branches of the dungeon, and saw 12 of its levels.
You also visited: Sewer.

You collected 877 gold pieces.
You spent 240 gold pieces at shops.

Inventory:

Hand Weapons
 a - a +0 hand axe
 u - the +2 hand axe "Cyk Nege" (weapon) {vorpal, rPois rF+}
   (You bought it in a shop on level 5 of the Dungeon)

   It inflicts extra damage upon your enemies.
   It protects you from fire.
   It protects you from poison.
Missiles
 r - 7 atropa-tipped darts (quivered)
 v - 8 javelins
Armour
 j - a +3 leather armour
 m - a +0 pair of gloves (worn)
 t - a +0 ring mail
 G - a +0 plate armour of cold resistance (worn)
Jewellery
 y - a ring of magical power (left hand)
 F - a ring of wizardry (right hand)
 J - an amulet of reflection (around neck)
 L - an uncursed amulet of guardian spirit
 O - an uncursed amulet of the acrobat
Wands
 o - a wand of acid (15)
 s - a wand of iceblast (9)
 x - a wand of paralysis (20)
 B - a wand of disintegration (10)
 C - a wand of flame (8)
 H - a wand of polymorph (19)
Scrolls
 b - 2 scrolls of fear
 e - 2 scrolls of noise {unknown}
 h - 4 scrolls of remove curse
 i - 3 scrolls of immolation
 l - 5 scrolls of enchant weapon
 p - 3 scrolls of random uselessness {unknown}
 q - 4 scrolls of teleportation
 w - 2 scrolls of blinking {unknown}
 E - 3 scrolls of identify
 I - a scroll of torment {unknown}
 M - a scroll of brand weapon {unknown}
Potions
 c - 6 potions of flight {unknown}
 d - 2 potions of stabbing {unknown}
 f - 7 potions of lignification {unknown}
 g - 2 potions of curing {unknown}
 k - 3 potions of heal wounds {unknown}
 n - 4 potions of cancellation {unknown}
 z - a potion of mutation {unknown}
 A - 2 potions of brilliance {unknown}
 D - a potion of resistance {unknown}
 K - a potion of degeneration {unknown}
 N - a potion of invisibility {unknown}


   Skills:
 + Level 12.1 Fighting
 + Level 12.1 Axes
 + Level 11.6 Armour
 - Level 3.2 Dodging
 - Level 5.4 Stealth
 + Level 5.5 Invocations
 + Level 0.0 Evocations


You had 10 spell levels left.
You didn't know any spells.
Your spell library contained the following spells:

 Spells                   Type           Power        Failure   Level
 Animate Skeleton         Necr           #.....       95%         1
 Corona                   Hex            #......      95%         1
 Foxfire                  Conj/Fire      #...         95%         1
 Pain                     Necr           #...         95%         1
 Summon Small Mammal      Summ           #...         95%         1
 Call Imp                 Summ           #.......     99%         2
 Ensorcelled Hibernation  Hex/Ice        #.....       99%         2
 Call Canine Familiar     Summ           #.......     100%        3
 Confusing Touch          Hex            #.......     100%        3
 Conjure Flame            Conj/Fire      #.......     100%        3
 Dazzling Flash           Conj/Hex       #.....       100%        3
 Inner Flame              Hex/Fire       #.......     100%        3
 Summon Guardian Golem    Hex/Summ       #.......     100%        3
 Tukima's Dance           Hex            #.......     100%        3
 Vampiric Draining        Necr           #.........   100%        3
 Animate Dead             Necr           #.........   100%        4
 Cause Fear               Hex            #.........   100%        4
 Sticky Flame             Conj/Fire      #.......     100%        4
 Summon Ice Beast         Ice/Summ       #.......     100%        4
 Summon Lightning Spire   Summ/Air       #.......     100%        4
 Agony                    Necr           #.......     100%        5
 Fireball                 Conj/Fire      #.........   100%        5
 Silence                  Hex/Air        #.........   100%        5
 Yara's Violent Unravell  Hex/Tmut       #.........   100%        5
 Discord                  Hex            #.........   100%        8


Dungeon Overview and Level Annotations

Branches:
Dungeon (11/15)            Temple (0/1) D:5            Lair (1/6) D:8
    Orc (0/2) D:9           Sewer (visited)

Altars:
Cheibriados
Dithmenos
Elyvilon
Fedhas
Gozag
Hepliaklqana
Kikubaaqudgha
Makhleb
Qazlal
Ru
Sif Muna
Uskayaw
Zin
The Shining One
Beogh

Shops:
D:5 (*(


Innate Abilities, Weirdness & Mutations

You reflexively headbutt those who attack you in melee.
You have a pair of horns on your head.
Your life essence is reduced to manifest your ancestor. (-10% HP)


Message History

Your headbutt misses the 13-headed hydra.
The 13-headed hydra is moderately wounded.
You slice one of the 13-headed hydra's heads off!
The 12-headed hydra grows two more!
You hit the 14-headed hydra. You headbutt the 14-headed hydra.
The 14-headed hydra is moderately wounded.
The 14-headed hydra bites you.
* * * LOW HITPOINT WARNING * * *
The 14-headed hydra bites you but does no damage.
The 14-headed hydra barely misses you.
The 14-headed hydra bites you but does no damage. x5
The 14-headed hydra bites you!
* * * LOW HITPOINT WARNING * * *
The 14-headed hydra bites you.
* * * LOW HITPOINT WARNING * * *
The 14-headed hydra bites you but does no damage.
The 14-headed hydra bites you.
* * * LOW HITPOINT WARNING * * *
The 14-headed hydra bites you.
You die...

.......## #..................
.D.....# ##............###.#
.......# #...........## ###
##.....# #...........# #.....##
##......>....# #......#
#............# #..(..## #
###...........# #####.#
..#.#.##.#........#
.......(.......D@..........# ###
..#.....#..#..#.R..........###.##
................................
.......... ..(#..................
.................................
##...#.##.########...............
#...... ## #.................
#.................
#.................


You could see the friendly Jasquier the hexer and a 14-headed hydra (drained).

Vanquished Creatures
  A catoblepas (D:9)
  Pikel (D:6)
  An ugly thing (D:11)
  Joseph (D:8)
  A komodo dragon (Lair:1)
  2 trolls (D:11)
  A hornet (D:8)
  2 hippogriffs (D:11)
  13 yaks
  3 vampire mosquitoes (D:9)
  A steam dragon (D:11)
  3 water moccasins
  2 sky beasts
  8 orc warriors
  2 ice beasts
  2 phantoms
  3 ogres
  A necrophage (D:10)
  6 centaurs
  2 crocodiles (Lair:1)
  3 lemures (D:6)
  A big kobold (Sewer)
  7 bullfrogs
  A wyvern skeleton (D:8)
  3 scorpions
  11 wights
  A howler monkey (D:4)
  A bullfrog zombie (D:6)
  4 hounds
  A quasit (D:8)
  3 jellies
  8 orc priests
  4 orc wizards
  A bullfrog skeleton (D:5)
  A centaur skeleton (D:5)
  2 iguanas
  3 worker ants
  A killer bee zombie (D:6)
  3 hound skeletons
  6 gnolls
  13 adders
  A river rat (Sewer)
  5 shadow imps
  3 white imps
  An adder skeleton (D:3)
  4 worms
  A dart slug (D:2)
  9 leopard geckos
  39 orcs
  7 bats
  8 giant cockroaches
  6 goblins
  11 hobgoblins
  6 jackals
  4 quokkas
  5 ball pythons
  13 frilled lizards
  10 kobolds
  A leopard gecko skeleton (D:7)
  A quokka skeleton (D:5)
  8 rats
277 creatures vanquished.

Vanquished Creatures (collateral kills)
  A centaur skeleton (D:11)
  A komodo dragon (D:8)
  A troll (D:9)
  A hippogriff (D:10)
  2 yaks (Lair:1)
  2 water moccasins
  An orc warrior (D:8)
  2 sky beasts
  4 ogres
  3 bullfrogs
  A scorpion (D:6)
  A jelly (D:11)
  A hound (D:4)
  An orc wizard (D:8)
  2 iguanas
  A worker ant (D:9)
  A hound skeleton (D:10)
  A gnoll (D:6)
  6 orcs
  A giant cockroach (D:4)
  A rat (Sewer)
35 creatures vanquished.

Vanquished Creatures (others)
  6 hexers
  4 plants (D:8)
10 creatures vanquished.

Grand Total: 322 creatures vanquished

Notes
Turn   | Place    | Note
-------+----------+-------------------------------------------
     0 | D:1      | tof the Minotaur Monk began the quest for the Orb.
     0 | D:1      | Reached XP level 1. HP: 19/19 MP: 0/0
    82 | D:1      | Reached skill level 1 in Armour
   308 | D:1      | Reached XP level 2. HP: 23/27 MP: 1/1
  1016 | D:1      | Reached XP level 3. HP: 22/33 MP: 2/2
  2054 | D:2      | Reached XP level 4. HP: 25/41 MP: 3/3
  2421 | D:3      | Found a glowing silver altar of Zin.
  2425 | D:3      | Found an ancient bone altar of Kikubaaqudgha.
  2432 | D:3      | Found a glowing golden altar of the Shining One.
  2432 | D:3      | Found a shadowy altar of Dithmenos.
  2432 | D:3      | Found a hazy altar of Hepliaklqana.
  2674 | D:3      | Became a worshipper of Hepliaklqana the Forgotten
  2674 | D:3      | Reached * piety under Hepliaklqana
  2674 | D:3      | Reached ** piety under Hepliaklqana
  2675 | D:3      | Remembered your ancestor Jasquier as a hexer
  2773 | D:3      | Reached XP level 5. HP: 42/42 MP: 4/4
  2820 | D:3      | Reached skill level 5 in Fighting
  2820 | D:3      | Reached skill level 5 in Axes
  3112 | D:4      | Noticed a phantom
  3127 | D:4      | Killed a phantom
  3174 | D:4      | Found a glowing drain.
  3185 | D:4      | Reached XP level 6. HP: 33/50 MP: 5/5
  3260 | Sewer    | Entered a sewer
  3437 | Sewer    | Found a white marble altar of Elyvilon.
  4101 | D:4      | Reached skill level 5 in Armour
  4101 | D:4      | Reached XP level 7. HP: 9/57 MP: 6/6
  4626 | D:5      | Entered Level 5 of the Dungeon
  5013 | D:5      | Found a blossoming altar of Fedhas.
  5230 | D:5      | You fall into a shaft and drop 2 floors!
  5312 | D:5      | Found a staircase to the Ecumenical Temple.
  5313 | D:5      | Reached *** piety under Hepliaklqana
  5427 | D:5      | Reached XP level 8. HP: 31/65 MP: 7/7
  5626 | D:5      | Found Taodeyxi's Antique Weapon Shoppe.
  5631 | D:5      | Bought a bone hand axe for 240 gold pieces
  5631 | D:5      | Identified the +2 hand axe "Cyk Nege" {vorpal, rPois rF+}
                  | (You bought it in a shop on level 5 of the Dungeon)
  5716 | D:5      | Found a hide-covered altar of Uskayaw.
  5716 | D:5      | Noticed a +0 hand axe
  5716 | D:5      | Noticed a +0 hand axe
  5717 | D:5      | Found Jeliaske's Assorted Antiques.
  5792 | D:5      | Found Uschaoff's Weapon Shop.
  5963 | D:5      | Got a crystal mace
  5964 | D:5      | Identified the +8 mace of Hiwn {pain, rPois rC- MR+ Int+9}
                  | (You found it on level 5 of the Dungeon)
  6867 | D:6      | Found a sacrificial altar of Ru.
  8035 | D:6      | Reached XP level 9. HP: 73/73 MP: 8/8
  8139 | D:6      | Noticed Pikel
  8151 | D:6      | Killed Pikel
  8170 | D:6      | Found a sacrificial altar of Ru.
  8444 | D:7      | Found an opulent altar of Gozag.
  9209 | D:8      | Reached **** piety under Hepliaklqana
  9219 | D:8      | Found a stormy altar of Qazlal.
  9242 | D:8      | Reached skill level 10 in Fighting
  9242 | D:8      | Reached skill level 10 in Axes
  9431 | D:8      | Found a burning altar of Makhleb.
 10478 | D:8      | Found a shimmering blue altar of Sif Muna.
 10750 | D:8      | Found a staircase to the Lair.
 10750 | D:8      | Noticed a komodo dragon
 10831 | D:8      | Killed a komodo dragon
 10831 | D:8      | Reached skill level 1 in Invocations
 10831 | D:8      | Reached XP level 10. HP: 11/84 MP: 9/9
 11215 | D:8      | Noticed Joseph
 11228 | D:8      | Killed Joseph
 11402 | D:9      | Noticed a catoblepas
 11413 | D:9      | Killed a catoblepas
 11413 | D:9      | Reached skill level 10 in Armour
 11624 | D:9      | Found a blossoming altar of Fedhas.
 13100 | D:9      | Found a roughly hewn altar of Beogh.
 13859 | D:9      | Found a staircase to the Orcish Mines.
 14097 | D:10     | Entered Level 10 of the Dungeon
 14103 | D:10     | Found a white marble altar of Elyvilon.
 14883 | D:9      | Reached XP level 11. HP: 60/91 MP: 13/13
 15864 | D:11     | Reached ***** piety under Hepliaklqana
 16864 | D:11     | Reached skill level 5 in Invocations
 17175 | D:11     | Noticed a purple ugly thing
 17191 | D:11     | Killed a purple ugly thing
 17191 | D:11     | Reached skill level 5 in Stealth
 17822 | Lair:1   | Entered Level 1 of the Lair of Beasts
 18339 | Lair:1   | Found a snail-covered altar of Cheibriados.
 18668 | Lair:1   | Noticed an eight-headed hydra
 18735 | Lair:1   | HP: 4/93 [14-headed hydra (5)]
 18735 | Lair:1   | HP: 1/93 [14-headed hydra (3)]
 18735 | Lair:1   | Slain by a 14-headed hydra

Illustrated notes

Levels and vault maps discovered:
D:1:      wander_arrival_lonely_grave, layout_basic
D:2:      layout_basic
D:3:      layout_basic, grunt_temple_overflow_open, minmay_quadrilaterals
D:4:      layout_loops_corners, gup_sewer_entry_pipe
D:5:      minmay_thinvault, layout_basic, dancing_weapons_uskayaw,
          minmay_temple_entry_large_hall, basic_altar, serial_shops, shop_coins,
          kennysheep_mini, nicolae_shop_window_shopping, minmay_crystal_water
D:6:      wad_crossroads, layout_basic, lemuel_crystal_altar,
          nicolae_ru_sacrificial_ziggurat, uniq_pikel
D:7:      layout_rooms, overflow_temple_1_default
D:8:      layout_basic, grunt_qazlal_clouds, led_sif_book, david_lair_shrubbed,
          basic_altar, uniq_joseph
D:9:      layout_basic, lemuel_crystal_altar, david_orc_5
D:10:     wander_river, layout_grid_maze, elyvilon_altar_5
D:11:     minmay_inner_zag, layout_basic
Lair:1:   layout_big_grid, basic_altar, columned_hall_lemuel

Skill      XL: |  1  2  3  4  5  6  7  8  9 10 11 |
---------------+----------------------------------+-----
Armour         | 1 2 3 5 6 8 9 10 11 | 11.6
Fighting       | 4 5 6 7 8 10 11 12 | 12.1
Axes           | 4 5 6 7 9 10 11 12 | 12.1
Stealth        | 2 4 5 |  5.4
Invocations    | 1 4 5 |  5.5
Dodging        | |  3.2

Action                   |  1- 3 |  4- 6 |  7- 9 | 10-12 || total
-------------------------+-------+-------+-------+-------++-------
Melee: Hand axe          |    77 |   139 |   345 |   494 ||  1055
       Headbutt          |     9 |    26 |    69 |   114 ||   218
Throw: Dart              |       |       |    23 |     4 ||    27
Invok: Ancestor Life: He |       |     1 |       |       ||     1
       Ancestor Identity |       |     1 |       |       ||     1
Evoke: Wand              |       |       |       |     4 ||     4
  Use: Scroll            |     3 |     1 |     3 |       ||     7
 Stab: Sleeping          |     1 |     2 |     2 |     2 ||     7
       Distracted        |       |       |     2 |     5 ||     7
       Invisible         |       |       |     1 |       ||     1
       Confused          |       |       |       |     4 ||     4
Armor: Robe              |     4 |       |       |       ||     4
       Leather armour    |     4 |    33 |    60 |    23 ||   120
       Skin              |       |       |    10 |       ||    10
       Ring mail         |       |       |     2 |       ||     2
       Plate armour      |       |       |       |   207 ||   207
Dodge: Dodged            |    68 |    99 |   183 |   179 ||   529
Block: Other             |       |       |       |    17 ||    17

Table legend: (Time is in decaauts)
 A = Elapsed time spent in this place.
 B = Non-inter-level travel time spent in this place.
 C = Inter-level travel time spent in this place.
 D = Time resting spent in this place.
 E = Time spent auto-exploring this place.
 F = Levels seen in this place.
 G = Mean time per level.
                   A        B        C        D        E       F      G
               +--------+--------+--------+--------+--------+-----+--------+
         Total |  18638 |  17982 |    656 |   7753 |   7551 |  13 | 1433.7 |
       Dungeon |  17503 |  16847 |    656 |   7357 |   7046 |  11 | 1591.2 |
          Lair |    892 |    892 |      0 |    307 |    436 |   1 |  892.0 |
         Sewer |    242 |    242 |      0 |     89 |     69 |   1 |  242.0 |
               +--------+--------+--------+--------+--------+-----+--------+

Top non-repeatable levels by time:
     D:8: 3248 daAuts
     D:9: 2354 daAuts
     D:5: 2330 daAuts
    D:11: 1851 daAuts
     D:6: 1455 daAuts
     D:4: 1358 daAuts
    D:10: 1140 daAuts
     D:1: 1108 daAuts
     D:2: 1040 daAuts
     D:3: 922 daAuts
  Lair:1: 892 daAuts
     D:7: 691 daAuts
   Sewer: 242 daAuts
